 Dungeon Crawl Stone Soup version 0.29-a0-330-g52719c12eb (webtiles) character file.

Game seed: 14169663056618001174

197 kae the Magician (level 5, -2/30 HPs)
             Began as a Deep Elf Fire Elementalist on May 1, 2022.
             Slain by Eustachio
             ... wielding a +0 rapier
              (6 damage)
             ... on level 4 of the Dungeon.
             The game lasted 00:02:39 (3551 turns).

kae the Magician (Deep Elf Fire Elementalist)       Turns: 3551, Time: 00:02:40

Health: -2/30      AC:  7    Str:  5    XL:     5   Next: 46%
Magic:  5/13       EV: 13    Int: 22    God:
Gold:   23         SH:  0    Dex: 15    Spells: 6/12 levels left

rFire   . . .      SeeInvis .   h - staff of air
rCold   . . .      Faith    .   (no shield)
rNeg    . . .      Spirit   .   a - +0 robe
rPois   .          Reflect  .   (no helmet)
rElec   +          Harm     .   f - +1 cloak
rCorr   .          Rampage  .   (no gloves)
Will    .....                   i - +2 pair of boots
Stlth   ++........              (no amulet)
HPRegen 0.10/turn               (no ring)
MPRegen 0.13/turn               (no ring)

@: no status effects
A: no striking features
a: no special abilities


You were on level 4 of the Dungeon.
You visited 1 branch of the dungeon, and saw 4 of its levels.

You collected 155 gold pieces.
You spent 132 gold pieces at shops.

Inventory:

Armour
 a - a +0 robe (worn)
 f - a +1 cloak (worn)
 i - a +2 pair of boots (worn)
Magical Staves
 h - a staff of air (weapon)
Scrolls
 j - a scroll of enchant armour
Potions
 b - 2 potions of magic
 c - 4 potions of curing
 d - a potion of heal wounds
 e - 2 potions of mutation
 g - 2 potions of brilliance {unknown}
 k - a potion of lignification
 l - a potion of haste {unknown}


   Skills:
 + Level 1.6 Fighting
 + Level 3.8 Dodging
 - Level 2.4 Stealth
 + Level 4.3 Spellcasting
 + Level 2.7 Conjurations
 + Level 4.2 Fire Magic


You had 6 spell levels left.
You knew the following spells:

 Your Spells              Type           Power      Damage    Failure   Level
a - Foxfire               Conj/Fire      80%        2x1d8     2%          1
b - Scorch                Fire           46%        2d7       3%          2
c - Conjure Flame         Conj/Fire      20%        6-21      8%          3

Your spell library contained the following spells:

 Spells                   Type           Power      Damage    Failure   Level
 Inner Flame              Hex/Fire       14%        N/A       14%         3
 Flame Wave               Conj/Fire      20%        2d7       26%         4
 Tukima's Dance           Hex            4%         N/A       32%         3
 Passage of Golubria      Tloc           4%         N/A       71%         4
 Yara's Violent Unravell  Hex/Tmut       2%         3d3       96%         5


Dungeon Overview and Level Annotations

Branches:
Dungeon (4/15)
 Temple: D:4-7

Altars:
Elyvilon
Hepliaklqana

Shops:
D:1 [   D:4 !

Portals:
Ossuary: D:4

Annotations:
D:4 Eustachio


Message History

Eustachio gestures wildly while chanting.
Eustachio screams, "At last I'll have my revenge!"
Eustachio mumbles some strange words.
Eustachio blinks!
The bat closely misses you. The bat hits you but does no damage. x2
You open the door.
A mummy comes into view.
The bat closely misses you. The bat hits you but does no damage.
Found a sand-covered staircase.
Casting: Scorch (safe; 3% risk of failure)
Confirm with . or Enter, or press ? or * to list all spells.
Flames lash the mummy.
The mummy is burned terribly!
The mummy is heavily damaged.
The mummy's fire resistance burns away.
The bat closely misses you. The bat barely misses you. The bat hits you.
The bat completely misses you. The bat closely misses you. The mummy hits you.
The bat closely misses you. The bat barely misses you. x2
Casting: Scorch (safe; 3% risk of failure)
Confirm with . or Enter, or press ? or * to list all spells.
Flames lash the bat.
You kill the bat!
The bat's corpse disappears in a puff of smoke!
The bat hits you but does no damage. x2; The mummy hits you.
The bat hits you but does no damage.
Casting: Scorch (safe; 3% risk of failure)
Confirm with . or Enter, or press ? or * to list all spells.
You conjure some foxfire!
The bat misses you.
The foxfire hits the bat.
You kill the bat!
The bat's corpse disappears in a puff of smoke!
The bat misses you. The mummy hits you.
The foxfire hits Eustachio.
Eustachio is lightly wounded.
The mummy is no longer more vulnerable to fire.
The bat barely misses you.
Casting: Foxfire (safe; 2% risk of failure)
Confirm with . or Enter, or press ? or * to list all spells.
You conjure some foxfire!
The bat hits you but does no damage. The mummy hits you!
* * * LOW HITPOINT WARNING * * *
Eustachio hits you with a +0 rapier.
You die...

....... ........@.
.....##.. .........#
.....##.. ........@#
....##.. ....#....#
....##..
...##S.#.###.#..#.#
..###....##.#..#..
#####vM∩##......#.....
###...v@###.#...._......
..#...@.##..##.......##.
......b.#...###....>.##.
............+ ##..##.#..
..#.....#...###..###.##.
......).##..##..## #.##.
..#.....###.#).## #.##.
........+Z##..## #.###
###.....###S..# #....


You could see Eustachio (ally target), a mummy (ally target) and a bat
(summoned).

Vanquished Creatures
  An ice beast (D:3)
  3 adders
  An ufetubus (D:4)
  A worm (D:1)
  4 dart slugs
  An orc (D:3)
  7 ball pythons
  2 bats
  10 endoplasms
  3 giant cockroaches
  5 hobgoblins
  2 jackals (D:3)
  2 quokkas (D:3)
  A frilled lizard (D:1)
  4 goblins
  8 kobolds
  4 rats
59 creatures vanquished.

Vanquished Creatures (others)
  257 foxfires
257 creatures vanquished.

Grand Total: 316 creatures vanquished

Notes
Turn   | Place    | Note
-------+----------+-------------------------------------------
     0 | D:1      | kae the Deep Elf Fire Elementalist began the quest for the
                  | Orb.
     0 | D:1      | Reached XP level 1. HP: 10/10 MP: 6/6
    54 | D:1      | Found a faded altar of an unknown god.
   109 | D:1      | Found Osubaf's Antique Armour Shoppe.
   117 | D:1      | Reached XP level 2. HP: 15/15 MP: 4/8
   234 | D:1      | Learned a level 2 spell: Scorch
   646 | D:1      | Reached XP level 3. HP: 20/20 MP: 6/9
  1420 | D:2      | Learned a level 3 spell: Conjure Flame
  1648 | D:2      | Reached skill level 1 in Fighting
  1924 | D:2      | Identified the +9 hunting sling of Ragnarok {freeze,
                  | *Corrode rElec Will+ Dex+3}
  1929 | D:2      | Reached XP level 4. HP: 10/25 MP: 7/11
  2494 | D:3      | Noticed an ice beast
  2508 | D:3      | Killed an ice beast
  2509 | D:3      | Reached XP level 5. HP: 29/29 MP: 3/13
  2839 | D:3      | Found a white marble altar of Elyvilon.
  3435 | D:4      | Found Toxemof's Distillery.
  3442 | D:4      | Bought a potion of lignification for 36 gold pieces
  3442 | D:4      | Bought a potion of mutation for 96 gold pieces
  3499 | D:4      | Found a hazy altar of Hepliaklqana.
  3511 | D:4      | Noticed Eustachio
  3544 | D:4      | Found a sand-covered staircase.
  3551 | D:4      | Slain by Eustachio

Illustrated notes

Levels and vault maps discovered:
D:1:      mrwooster_arrival_statue_2, layout_basic, serial_shops,
          nicolae_shop_window_shopping, shapermc_ecumenical_altar_starsandcircs,
          minmay_nonomino_d4
D:2:      layout_basic, minmay_misc_feat_nine_boxes, minmay_misc_feat_diagonals
D:3:      layout_basic, mainiacjoe_overflow_24_doors
D:4:      layout_basic, lemuel_mausoleum_altar_kikubaaqudgha,
          overflow_temple_1_default, serial_shops, shop_fountains, shop, shop,
          nicolae_shop_statue_plus, nicolae_ossuary_entry_giza,
          minmay_door_square, uniq_eustachio, uniq_blork_the_orc

Skill      XL: |  1  2  3  4 |
---------------+-------------+-----
Dodging        | 3 |  3.8
Fighting       | 1 |  1.6
Conjurations   | 2 |  2.7
Spellcasting   | 4 |  4.3
Fire Magic     | 4 |  4.2
Stealth        | |  2.4

Action                   |  1- 3 |  4- 6 || total
-------------------------+-------+-------++-------
 Cast: Foxfire           |    98 |    51 ||   149
       Scorch            |     3 |     6 ||     9
  Use: Scroll            |       |     5 ||     5
Armor: Robe              |       |     8 ||     8
Dodge: Dodged            |     4 |    18 ||    22

Table legend: (Time is in decaauts)
 A = Elapsed time spent in this place.
 B = Non-inter-level travel time spent in this place.
 C = Inter-level travel time spent in this place.
 D = Time resting spent in this place.
 E = Time spent auto-exploring this place.
 F = Levels seen in this place.
 G = Mean time per level.
                   A        B        C        D        E       F      G
               +--------+--------+--------+--------+--------+-----+--------+
         Total |   3550 |   3408 |    142 |     45 |   2790 |   4 |  887.5 |
       Dungeon |   3550 |   3408 |    142 |     45 |   2790 |   4 |  887.5 |
               +--------+--------+--------+--------+--------+-----+--------+

Top non-repeatable levels by time:
     D:2: 1240 daAuts
     D:1: 1187 daAuts
     D:3: 993 daAuts
     D:4: 128 daAuts
